 Dungeon Crawl Stone Soup version 0.31-a0-431-g88bdf31460 (webtiles) character file.

Game seed: 11157223052016359021

41690 arthad the Geomancer (level 14, -1/84 HPs)
             Began as a Gargoyle Earth Elementalist on July 31, 2023.
             Was a High Priest of Sif Muna.
             Slain by a quicksilver ooze (10 damage)
             ... in an ice cave.
             The game lasted 01:07:30 (18067 turns).

arthad the Geomancer (Gargoyle Earth Elementalist) Turns: 18067, Time: 01:07:30

Health: -1/84      AC: 17    Str: 13    XL:     14   Next: 16%
Magic:  8/27       EV: 14    Int: 32    God:    Sif Muna [*****.]
Gold:   759        SH:  0    Dex: 10    Spells: 5/31 levels left

rFire   + . .        Z - staff of conjuration
rCold   + + .        (no shield)
rNeg    + . .        D - +2 robe {rC+}
rPois   ∞            K - +1 helmet
rElec   +            v - scarf {rC+ rF+}
rCorr   .            B - +0 pair of gloves
SInv    .            (no boots)
Will    +....        q - amulet of magic regeneration
Stlth   ++++         R - +6 ring of intelligence
HPRegen 0.34/turn    C - +6 ring of intelligence
MPRegen 0.60/turn

%: no passive effects
@: engulfed, channelling, flying
A: sickness immunity, AC +10, big wings, negative energy resistance 1,
electricity resistance, torment resistance 1, petrification resistance
a: Renounce Religion, Channel Magic, Forget Spell, Divine Exegesis


You were in an ice cave.
You worshipped Sif Muna.
Sif Muna was extremely pleased with you.
You visited 3 branches of the dungeon, and saw 18 of its levels.
You also visited: Gauntlet and Ice Cave.

You collected 941 gold pieces.
You spent 182 gold pieces at shops.

Inventory:

Hand Weapons
 e - a +0 demon whip of venom
 h - a +4 scimitar of flaming
 T - a +4 war axe
Missiles
 M - 3 atropa-tipped darts
 N - 22 poisoned darts
 V - 5 curare-tipped darts
Armour
 v - a scarf of resistance (worn)
 B - a +0 pair of gloves (worn)
 D - a +2 robe of cold resistance (worn)
 K - a +1 helmet (worn)
 O - a +0 kite shield
 X - +0 acid dragon scales
Magical Staves
 g - a staff of fire
 L - a staff of poison
 Z - a staff of conjuration (weapon)
Jewellery
 f - a ring of protection from fire
 o - a +5 ring of evasion
 q - an amulet of magic regeneration (around neck)
 C - a +6 ring of intelligence (right hand)
 H - the ring "Viwnyirph" {rF+ rN+ Will+ Str+3 Dex+3}
   (You found it in a Gauntlet)

   [ring of positive energy]

   Str:       It affects your strength (+3).
   Dex:       It affects your dexterity (+3).
   rF:        It protects you from fire.
   rN:        It protects you from negative energy.
   Will:      It increases your willpower.
 R - a +6 ring of intelligence (left hand)
 U - a ring of flight
Wands
 d - a wand of polymorph (3)
 s - a wand of mindburst (12)
 w - a wand of charming (19)
 I - a wand of flame (30)
 Q - a wand of roots (11)
Scrolls
 a - a scroll of summoning
 i - 3 scrolls of fog
 j - 2 scrolls of revelation
 l - 2 scrolls of enchant weapon
 y - 5 scrolls of teleportation {unknown}
 z - a scroll of noise {unknown}
 A - a scroll of amnesia {unknown}
 E - 2 scrolls of immolation {unknown}
 F - 3 scrolls of blinking {unknown}
 S - 2 scrolls of poison {unknown}
 Y - a scroll of enchant armour
Potions
 b - 3 potions of magic
 c - 3 potions of heal wounds
 k - a potion of invisibility
 m - 3 potions of lignification
 n - 4 potions of cancellation
 p - 4 potions of brilliance
 r - a potion of mutation {unknown}
 t - a potion of enlightenment
 u - 3 potions of attraction
 x - 12 potions of curing
 G - a potion of resistance
 J - 2 potions of might
 P - 3 potions of haste
Miscellaneous
 W - a phial of floods


   Skills:
 + Level 8.5 Fighting
 + Level 2.1 Armour
 + Level 7.4 Dodging
 - Level 9.8 Stealth
 + Level 3.4 Shields
 * Level 9.4 Spellcasting
 * Level 10.0 Conjurations
 - Level 5.4 Transmutations
 + Level 3.1 Fire Magic
 * Level 13.9 Earth Magic
 * Level 5.0 Invocations


You had 5 spell levels left.
You knew the following spells:

 Your Spells              Type           Power      Damage    Failure   Level
a - Sandblast             Erth           100%       2d20      0%          1
b - Passwall              Tmut/Erth      55%        N/A       1%          2
c - Stone Arrow           Conj/Erth      100%       3d13      1%          3
d - Petrify               Tmut/Erth      67%        N/A       1%          4
e - Sticky Flame          Conj/Fire      72%        2d9       2%          4
f - Iskenderun's Battles  Conj           87%        2d13      1%          5
g - Flame Wave            Conj/Fire      72%        2d16      2%          4
h - Ignite Poison         Fire/Tmut/Pois 33%        N/A       3%          3

Your spell library contained the following spells:

 Spells                   Type           Power      Damage    Failure   Level
 Magic Dart               Conj           100%       1d8       1%          1
 Shock                    Conj/Air       100%       1d9       1%          1
 Momentum Strike          Conj/Tloc      100%       3d10      1%          2
 Wereblood                Tmut           50%        N/A       1%          2
 Dazzling Flash           Conj/Hex       100%       N/A       1%          3
 Animate Armour           Summ/Erth      100%       N/A       1%          4
 Inner Flame              Hex/Fire       25%        N/A       5%          3
 Volatile Blastmotes      Fire/Tloc      50%        2d14      5%          3
 Fireball                 Conj/Fire      36%        3d15      6%          5
 Frozen Ramparts          Ice            30%        1d5       10%         3
 Ozocubu's Armour         Ice            15%        N/A       10%         3
 Summon Guardian Golem    Hex/Summ       15%        N/A       10%         3
 Freezing Cloud           Conj/Ice/Air   26%        6-21      22%         5
 Anguish                  Hex/Necr       7%         N/A       32%         4
 Cause Fear               Hex            7%         N/A       32%         4
 Passage of Golubria      Tloc           15%        N/A       32%         4
 Silence                  Hex/Air        7%         N/A       65%         5
 Starburst                Conj/Fire      36%        6d11      32%         6
 Orb of Destruction       Conj           43%        9d12      41%         7
 Conjure Ball Lightning   Conj/Air       31%        3x3d10    54%         6
 Lehudib's Crystal Spear  Conj/Erth      47%        10d11     83%         8
 Spellforged Servitor     Conj/Summ      31%        N/A       98%         7
 Enfeeble                 Hex            7%         N/A       100%        7
 Summon Hydra             Summ           7%         N/A       100%        7
 Ignition                 Fire           17%        3d7       100%        8
 Maxwell's Capacitive Co  Air            7%         ∞         100%        8
 Fire Storm               Conj/Fire      36%        8d9       100%        9
 Cigotuvi's Dreadful Rot  Necr/Pois/Air  Unusable   N/A       N/A         2
 Sublimation of Blood     Necr           Unusable   N/A       N/A         2

Dungeon Overview and Level Annotations

Branches:
Dungeon (14/15)            Temple (1/1) D:5            Lair (3/5) D:8
 Shoals (0/4) Lair:2        Snake (0/4) Lair:3          Orc (0/2) D:11
  IceCv (1/1)             Gauntlet (visited)
 Vaults: D:13-14

Altars:
Ashenzari
Cheibriados
Dithmenos
Elyvilon
Fedhas
Gozag
Hepliaklqana
Kikubaaqudgha
Makhleb
Nemelex Xobeh
Okawaru
Qazlal
Ru
Sif Muna
Trog
Uskayaw
Vehumet
Wu Jian
Xom
Yredelemnul
Zin
The Shining One

Shops:
D:1 !   D:8 !

Annotations:
D:6 4 transporters, knightboat's ghost, novice DrCj
D:10 1 runed translucent door
Lair:3 exclusion: oklob plant


Innate Abilities, Weirdness & Mutations

You are immune to sickness and miasma.
Your stone body is resilient. (AC +10)
You are immune to poison.
Your large and strong wings let you fly.
You resist negative energy. (rN+)
You are resistant to electric shocks. (rElec)
You are resistant to unholy torment.
You are immune to petrification.


Message History

The quicksilver ooze engulfs you! The quicksilver ooze hits you!
You feel your power leaking away.
Your Invocations skill increases to level 5!
You don't have enough magic to cast this spell.
Casting: Stone Arrow (safe; 1% risk of failure)
Confirm with . or Enter, or press ? or * to list all spells.
Okay, then.
Okay, then.
You slip free of the ooze engulfing you.
The quicksilver ooze completely misses you.
The quicksilver ooze hits you.
You feel your power leaking away. The quicksilver ooze hits you.
The quicksilver ooze hits you!
You feel your power leaking away.
Aiming: Mindburst
Press: ? - help, Shift-Dir - straight line, f - quicksilver ooze
Aim: a quicksilver ooze (infinite will)
Okay, then.
Unknown command.
Okay, then.
Magic courses through your body. The quicksilver ooze hits you.
The quicksilver ooze engulfs you! The quicksilver ooze hits you.
You feel your power leaking away. The quicksilver ooze hits you.
The quicksilver ooze closely misses you.
Casting: Stone Arrow (safe; 1% risk of failure)
Confirm with . or Enter, or press ? or * to list all spells.
Aiming: Stone Arrow (safe; 1% risk of failure)
Press: ? - help, Shift-Dir - straight line, f - quicksilver ooze
Aim: a quicksilver ooze (63% to hit)
You feel a surge of power!
The stone arrow hits the quicksilver ooze!!
The quicksilver ooze is heavily wounded.
The quicksilver ooze hits you!
* * * LOW HITPOINT WARNING * * *
The quicksilver ooze hits you!
* * * LOW HITPOINT WARNING * * *
You feel your power leaking away. The quicksilver ooze hits you!
You die...

###### ###########
#.....### ###.........###
........## #.............#
...#.....####.....###.....
.....#.....###.....####...
#._....J@...#............
.....#.............####...
...#......##########......
........##########........
#.....######...........###
#######...............##
###.......#####.#####
#.......### ##.########
########....###
#.........#


You could see a quicksilver ooze.

Vanquished Creatures
  An azure jelly (IceCv)
  A quicksilver ooze (IceCv)
  A minotaur (Gauntlet)
  A catoblepas (Gauntlet)
  A hydra (Lair:3)
  2 two-headed ogres
  A boulder beetle (D:13)
  A centaur warrior (D:13)
  Erica (D:9)
  A tengu warrior (D:13)
  A death scarab (Gauntlet)
  Amaemon (D:8)
  Sonja (D:10)
  A spectral death yak (Gauntlet)
  A deep elf pyromancer (D:14)
  An ugly thing (D:13)
  A necromancer (Gauntlet)
  A manticore (Lair:2)
  2 cyclopes
  2 black mambas (Lair:2)
  2 ice statues (IceCv)
  2 torpor snails
  2 molten gargoyles (Gauntlet)
  6 cane toads
  2 gargoyles (Gauntlet)
  An orange demon (D:8)
  An efreet (D:13)
  5 komodo dragons
  2 kobold demonologists (D:13)
  3 rime drakes
  3 trolls
  3 meliai (D:13)
  A wind drake (Lair:2)
  Grinder (D:3)
  5 blink frogs (Lair:2)
  Sigmund (D:6)
  20 slime creatures (IceCv)
  2 shadows
  28 yaks
  3 wyverns
  A water elemental (D:13)
  4 wraiths
  Grum (D:9)
  A basilisk (Lair:1)
  2 steam dragons (D:8)
  2 acid dragons (D:11)
  Duvessa (D:5)
  5 water moccasins
  5 orc warriors
  2 black bears
  2 sky beasts
  2 ice beasts
  4 great orb of eyes simulacra (IceCv)
  A boggart (D:10)
  10 wolves
  2 ogres
  4 centaurs
  2 slime creature simulacra (IceCv)
  4 phantoms
  5 kobold brigands
  12 bullfrogs
  3 glowing shapeshifter simulacra (IceCv)
  3 gnoll sergeants
  Blork the orc (D:5)
  5 scorpions
  10 wights
  Dowan (D:5)
  11 killer bees
  An electric eel (D:6)
  6 howler monkeys
  A vampire bat (D:5)
  A jelly (D:7)
  12 orc priests
  2 gnoll boudas
  11 hounds
  Crazy Yiuf (D:3)
  Natasha (thrice) (D:2)
  2 sleepcaps (D:6)
  10 iguanas
  17 orc wizards
  Terence (D:2)
  2 shapeshifter simulacra (IceCv)
  20 gnolls
  4 adders
  14 white imps
  An ufetubus (D:6)
  3 dart slugs
  46 orcs
  2 spectral bats (D:5)
  A bat simulacrum (D:5)
  3 bat skeletons (D:5)
  A bat zombie (D:5)
  15 endoplasms
  3 fire bats (D:5)
  6 giant cockroaches
  6 goblins
  8 hobgoblins
  22 kobolds
  6 quokkas
  5 ball pythons
  13 bats
  12 frilled lizards
  9 rats
492 creatures vanquished.

Vanquished Creatures (collateral kills)
  2 wargs (D:8)
2 creatures vanquished.

Vanquished Creatures (others)
  An ugly thing (D:13)
  2 unseen horrors (D:11)
  A water elemental (D:13)
  An electric eel (D:13)
  An orc (D:8)
6 creatures vanquished.

Grand Total: 500 creatures vanquished

Notes
Turn   | Place    | Note
-------+----------+-------------------------------------------
     0 | D:1      | arthad the Gargoyle Earth Elementalist began the quest for
                  | the Orb.
     0 | D:1      | Reached XP level 1. HP: 10/10 MP: 3/3
   210 | D:1      | Reached skill level 1 in Transmutations
   210 | D:1      | Reached XP level 2. HP: 15/15 MP: 3/5
   353 | D:1      | Reached XP level 3. HP: 15/19 MP: 1/6
   744 | D:1      | Reached skill level 4 in Earth Magic
   900 | D:1      | Found Aguif's Distillery.
  1201 | D:2      | Noticed Natasha
  1208 | D:2      | Killed Natasha
  1209 | D:2      | Reached XP level 4. HP: 24/24 MP: 1/7
  1359 | D:2      | Noticed Natasha
  1363 | D:2      | Killed Natasha
  1417 | D:2      | Noticed Natasha
  1420 | D:2      | Killed Natasha
  1421 | D:2      | Reached XP level 5. HP: 19/28 MP: 4/9
  1822 | D:2      | Noticed Terence
  1840 | D:2      | Killed Terence
  2725 | D:3      | Found an ornate altar of the Wu Jian Council.
  2725 | D:3      | Found a shimmering altar of Xom.
  2775 | D:3      | Found a runed translucent door.
  2776 | D:3      | Noticed Crazy Yiuf
  2838 | D:3      | Noticed Grinder
  2844 | D:3      | Learned a level 2 spell: Passwall
  2849 | D:3      | Learned a level 3 spell: Stone Arrow
  2850 | D:3      | Paralysed by Grinder for 4 turns
  2857 | D:3      | Killed Grinder
  2858 | D:3      | Reached skill level 5 in Earth Magic
  2858 | D:3      | Reached XP level 6. HP: 12/32 MP: 3/10
  2959 | D:3      | Found a basalt altar of Yredelemnul.
  2977 | D:3      | Found a glowing golden altar of the Shining One.
  3006 | D:3      | Found a burning altar of Makhleb.
  3107 | D:3      | Killed Crazy Yiuf
  3253 | D:4      | Reached XP level 7. HP: 30/36 MP: 5/12
  3803 | D:4      | Found a shadowy altar of Dithmenos.
  3805 | D:4      | Found a hide-covered altar of Uskayaw.
  3947 | D:4      | Reached skill level 5 in Stealth
  4000 | D:4      | Reached skill level 6 in Earth Magic
  4000 | D:4      | Reached XP level 8. HP: 41/41 MP: 10/14
  4097 | D:4      | Found a snail-covered altar of Cheibriados.
  4295 | D:5      | Entered Level 5 of the Dungeon
  4316 | D:5      | Learned a level 4 spell: Petrify
  4444 | D:5      | Noticed Blork the orc
  4448 | D:5      | Killed Blork the orc
  4491 | D:5      | Found a staircase to the Ecumenical Temple.
  4500 | Temple   | Entered the Ecumenical Temple
  4623 | D:5      | Reached skill level 1 in Fighting
  4623 | D:5      | Reached skill level 1 in Conjurations
  4907 | D:5      | Noticed Duvessa
  4907 | D:5      | Noticed Dowan
  4908 | D:5      | Killed Dowan
  4913 | D:5      | Killed Duvessa
  4914 | D:5      | Reached skill level 7 in Earth Magic
  5060 | D:5      | Reached XP level 9. HP: 48/48 MP: 12/15
  5668 | D:6      | Noticed knightboat's ghost (novice DrCj)
  5672 | D:6      | Found a transporter.
  5689 | D:6      | Noticed a kobold demonologist
  5692 | D:6      | Found a transporter.
  5700 | D:6      | Found a transporter.
  5915 | D:6      | Found a glowing silver altar of Zin.
  6042 | D:6      | Found a transporter.
  6176 | D:6      | Noticed Sigmund
  6181 | D:6      | Killed Sigmund
  6182 | D:6      | Reached skill level 5 in Spellcasting
  6182 | D:6      | Reached skill level 8 in Earth Magic
  6192 | D:6      | Found an opulent altar of Gozag.
  6882 | D:7      | You fall into a shaft and drop 1 floor!
  6912 | D:8      | Reached XP level 10. HP: 34/56 MP: 10/17
  7034 | D:8      | Reached skill level 9 in Earth Magic
  7059 | D:8      | Reached skill level 5 in Dodging
  7173 | D:8      | Noticed an orange demon
  7196 | D:8      | Noticed Amaemon
  7205 | D:8      | Killed Amaemon
  7209 | D:8      | Killed an orange demon
  7410 | D:8      | Reached skill level 5 in Transmutations
  7573 | D:8      | Found a staircase to the Lair.
  7623 | D:8      | Found a stormy altar of Qazlal.
  7742 | D:8      | Reached skill level 10 in Earth Magic
  7868 | D:8      | Reached skill level 5 in Fighting
  7929 | D:8      | Found Ytramuid's Distillery.
  7938 | D:8      | Bought a potion of heal wounds for 70 gold pieces
  7938 | D:8      | Bought a potion of heal wounds for 70 gold pieces
  7938 | D:8      | Bought a potion of curing for 42 gold pieces
  7991 | D:8      | Found a shimmering blue altar of Sif Muna.
  8153 | D:8      | Reached XP level 11. HP: 63/63 MP: 18/20
  8200 | D:8      | Became a worshipper of Sif Muna the Loreminder
  8260 | D:9      | Noticed Erica
  8277 | D:9      | Killed Erica
  8278 | D:9      | Reached skill level 5 in Conjurations
  8402 | D:9      | Found a sparkling altar of Nemelex Xobeh.
  8558 | D:9      | Reached * piety under Sif Muna
  8683 | D:9      | Noticed Grum
  8801 | D:9      | Found a white marble altar of Elyvilon.
  9337 | D:9      | Killed Grum
  9519 | D:10     | Entered Level 10 of the Dungeon
  9519 | D:10     | Found a radiant altar of Vehumet.
  9652 | D:10     | Noticed a two-headed ogre
  9658 | D:10     | Killed a two-headed ogre
  9659 | D:10     | Reached skill level 11 in Earth Magic
  9759 | D:10     | Found a runed translucent door.
  9759 | D:10     | Noticed an ogre mage
  9759 | D:10     | Noticed a centaur warrior
  9759 | D:10     | Noticed a great orb of eyes
  9761 | D:10     | Noticed a boulder beetle
  9761 | D:10     | Noticed a five-headed hydra
  9761 | D:10     | Noticed a centaur warrior
  9761 | D:10     | Found the amulet of Vitality {RegenMP++ Regen++}
  9937 | D:10     | Reached ** piety under Sif Muna
  9946 | D:10     | Noticed Sonja
 10398 | D:10     | Killed Sonja
 10556 | D:11     | Noticed a two-headed ogre
 10560 | D:11     | Killed a two-headed ogre
 10921 | D:11     | Found a staircase to the Orcish Mines.
 11127 | D:11     | Reached XP level 12. HP: 70/71 MP: 15/22
 11868 | D:12     | Reached *** piety under Sif Muna
 12381 | D:13     | Reached skill level 12 in Earth Magic
 12490 | D:13     | Noticed a boulder beetle
 12504 | D:13     | Killed a boulder beetle
 12644 | D:13     | Noticed a centaur warrior
 12646 | D:13     | Killed a centaur warrior
 12660 | D:13     | Noticed a sun demon
 13444 | D:14     | Noticed a vault guard
 13460 | D:14     | Noticed a tengu warrior
 13460 | D:14     | Noticed a tengu warrior
 13476 | D:13     | Killed a tengu warrior
 13707 | Lair:1   | Entered Level 1 of the Lair of Beasts
 13748 | Lair:1   | Found a gate leading to a gauntlet.
 13955 | Gauntlet | Entered a Gauntlet
 13955 | Gauntlet | Found a transporter.
 13955 | Gauntlet | Found a transporter.
 13973 | Gauntlet | Found a transporter.
 13977 | Gauntlet | Found a transporter.
 13983 | Gauntlet | Noticed a death scarab
 13985 | Gauntlet | Found a transporter.
 13989 | Gauntlet | Found a transporter.
 13993 | Gauntlet | Found a runed translucent door.
 13993 | Gauntlet | Found a runed translucent door.
 13997 | Gauntlet | Found a transporter.
 14012 | Gauntlet | Noticed a catoblepas
 14017 | Gauntlet | Found a transporter.
 14028 | Gauntlet | Found a transporter.
 14034 | Gauntlet | Found a transporter.
 14042 | Gauntlet | Found a transporter.
 14046 | Gauntlet | Found a transporter.
 14327 | Gauntlet | Found a runed translucent door.
 14388 | Gauntlet | Reached **** piety under Sif Muna
 14389 | Gauntlet | Reached XP level 13. HP: 50/76 MP: 14/25
 14391 | Gauntlet | Reached skill level 1 in Invocations
 14556 | Gauntlet | Reached skill level 1 in Shields
 14556 | Gauntlet | Reached skill level 1 in Fire Magic
 14561 | Gauntlet | Reached skill level 13 in Earth Magic
 14567 | Gauntlet | Identified the ring "Viwnyirph" {rF+ rN+ Will+ Str+3 Dex+3}
 14609 | Gauntlet | Learned a level 4 spell: Sticky Flame
 14609 | Gauntlet | Noticed a minotaur
 14635 | Gauntlet | Killed a minotaur
 14647 | Gauntlet | Identified the +1 robe "Reumnuz" {Harm *Corrode rN++}
 15613 | Lair:2   | Found a staircase to the Shoals.
 16055 | Lair:2   | Learned a level 5 spell: Iskenderun's Battlesphere
 16060 | Lair:2   | Learned a level 4 spell: Flame Wave
 16064 | Lair:2   | Learned a level 3 spell: Ignite Poison
 16362 | Lair:2   | Reached ***** piety under Sif Muna
 16825 | Lair:3   | Reached skill level 1 in Armour
 16894 | Lair:3   | Found a staircase to the Snake Pit.
 16945 | Lair:3   | HP: 2/78 [six-headed hydra (3)]
 17235 | Lair:3   | Found a frozen archway.
 17263 | IceCv    | Entered an ice cave
 17296 | IceCv    | Received a gift from Sif Muna
 17300 | IceCv    | Got Cuahaod's Parchment of Frost and Fulmination {god gift}
 17401 | IceCv    | Noticed a quicksilver ooze
 17406 | IceCv    | Killed a quicksilver ooze
 17628 | IceCv    | Gained mutation: Your large and strong wings let you fly.
                  | [Gargoyle growth]
 17628 | IceCv    | Reached XP level 14. HP: 68/84 MP: 1/27
 17916 | IceCv    | Reached skill level 10 in Conjurations
 18054 | IceCv    | Found a viscous altar of Jiyva.
 18054 | IceCv    | Noticed an azure jelly
 18057 | IceCv    | Noticed a quicksilver ooze
 18062 | IceCv    | Killed an azure jelly
 18063 | IceCv    | Reached skill level 5 in Invocations
 18067 | IceCv    | Slain by a quicksilver ooze

Illustrated notes

Levels and vault maps discovered:
D:1:      dpeg_arrival_yet_another_circle, layout_loops_cross, serial_shops,
          nicolae_shop_back_alley_shop, ebering_dispersal_statue_hall,
          minmay_heptomino_o4
D:2:      layout_basic, uniq_terence, uniq_natasha
D:3:      layout_basic, mainiacjoe_overflow_small_starburst,
          nicolae_overflow_hidden_temple, nicolae_figureground_sparkle,
          uniq_crazy_yiuf_cottage, uniq_grinder
D:4:      layout_cave_pools, mainiacjoe_overflow_alcove_2, jmf_multi_god_temple,
          minmay_joined_circles
D:5:      layout_rooms, minmay_temple_entry_antechambers, kennysheep_cross_room,
          goddamned_bats, uniq_duvessa, uniq_blork_the_orc
D:6:      gammafunk_wand_slinger, layout_rooms, mainiacjoe_overflow_boulevard,
          marbit_many_paths, serial_curves, eino_curves_03, eino_curves_01,
          gammafunk_ghost_arena, serial_bayou_pond_b, minmay_door_square,
          roderic_cross_of_infinity, lexackson_kobold_supper, uniq_sigmund
D:7:      layout_cave_pools, hangedman_decor_slide_cut
D:8:      layout_gridville, nicolae_qazlal_beasts_of_the_sky,
          mainiacjoe_overflow_cross_hatched, erik_lair_orcish_takeover,
          serial_shops, nicolae_lakefront_shop, minmay_lizard_king, uniq_amaemon
D:9:      layout_gridville, nemelex_diamond_rough_becter, kennysheep_mini_moat,
          billiards_dpeg, uniq_erica, uniq_grum
D:10:     minmay_gate_of_8, layout_cave_pods, general_overflow_altar,
          minmay_microvault, uniq_sonja
D:11:     layout_basic, erik_orc_3
D:12:     layout_roguey
D:13:     layout_loops_ring, kennysheep_boxes
D:14:     layout_roguey, grunt_vaults_entry_fortified, nicolae_two_hexagons,
          lemuel_zombie_altar_kikubaaqudgha, uniq_nessos
Temple:   hellmonk_temple_of_storms
Lair:1:   layout_regular_city, gauntlet_entry_generic,
          chequers_serial_rivers_small_b
Lair:2:   layout_long_grid, minmay_shoals_entry_beasts, st_stairs_12,
          serial_bayou_shore_b
Lair:3:   layout_roguey, dummy_snake_entry, portal_ice_cave_entry_imps,
          serial_bayou_pond_a, grunt_megastairs_1, lemuel_fruit_tree
IceCv:    ice_cave_hellmonk_azure_passage

Skill      XL: |  1  2  3  4  5  6  7  8  9 10 11 12 13 14 |
---------------+-------------------------------------------+-----
Transmutations | 1 2 3 4 5 |  5.4
Earth Magic    | 4 5 6 7 8 10 11 12 13 | 13.9
Dodging        | 2 3 4 5 6 7 |  7.4
Stealth        | 3 4 5 6 8 9 |  9.8
Spellcasting   | 3 4 5 6 7 8 9 |  9.4
Fighting       | 2 3 5 6 7 8 |  8.5
Conjurations   | 2 3 4 6 8 9 10 | 10.0
Invocations    | 4 5 |  5.0
Shields        | 3 |  3.4
Fire Magic     | 2 3 |  3.1
Armour         | 1 2 |  2.1

Action                     |  1- 3 |  4- 6 |  7- 9 | 10-12 | 13-15 || total
---------------------------+-------+-------+-------+-------+-------++-------
  Melee: Unarmed           |    27 |       |       |       |       ||    27
         Dagger            |       |     8 |    19 |    14 |       ||    41
         Punch             |       |       |     1 |       |     1 ||     2
         Demon whip        |       |       |       |    19 |       ||    19
         Staff             |       |       |       |       |    11 ||    11
  Throw: Dart              |       |       |       |     1 |       ||     1
   Cast: Sandblast         |    47 |    57 |   208 |   370 |    24 ||   706
         Stone Arrow       |       |     2 |     8 |   100 |   253 ||   363
         Petrify           |       |       |       |     1 |     2 ||     3
         Iskenderun's Batt |       |       |       |       |     1 ||     1
         Flame Wave        |       |       |       |       |     5 ||     5
 Invoke: Channel Magic     |       |       |       |       |     2 ||     2
  Evoke: Wand              |       |       |       |     2 |       ||     2
    Use: Potion            |       |     1 |       |     4 |    10 ||    15
         Scroll            |       |     1 |       |    16 |     3 ||    20
   Stab: Petrified         |       |       |       |       |     3 ||     3
 Armour: Robe              |    16 |     4 |    39 |   142 |    10 ||   211
         Acid dragon scale |       |       |       |    74 |    49 ||   123
  Dodge: Dodged            |    33 |    26 |    73 |   286 |    93 ||   511

Table legend: (Time is in decaauts)
 A = Elapsed time spent in this place.
 B = Non-inter-level travel time spent in this place.
 C = Inter-level travel time spent in this place.
 D = Time resting spent in this place.
 E = Time spent auto-exploring this place.
 F = Levels seen in this place.
 G = Mean time per level.
                   A        B        C        D        E       F      G
               +--------+--------+--------+--------+--------+-----+--------+
         Total |  18424 |  17756 |    668 |   1650 |  12414 |  20 |  921.2 |
       Dungeon |  14012 |  13391 |    621 |    781 |  10093 |  14 | 1000.9 |
        Temple |     19 |     19 |      0 |      0 |      0 |   1 |   19.0 |
          Lair |   2765 |   2719 |     46 |    270 |   1914 |   3 |  921.7 |
      Ice Cave |    808 |    808 |      0 |    247 |    300 |   1 |  808.0 |
      Gauntlet |    818 |    818 |      0 |    352 |    107 |   1 |  818.0 |
               +--------+--------+--------+--------+--------+-----+--------+

Top non-repeatable levels by time:
     D:8: 1421 daAuts
     D:9: 1339 daAuts
     D:6: 1239 daAuts
    D:13: 1166 daAuts
     D:1: 1156 daAuts
     D:4: 1135 daAuts
  Lair:2: 1122 daAuts
     D:3: 1119 daAuts
    D:10: 1093 daAuts
  Lair:1: 1078 daAuts
     D:5: 1035 daAuts
     D:2: 970 daAuts
    D:11: 955 daAuts
    D:12: 927 daAuts
Gauntlet: 818 daAuts
